 Dungeon Crawl Stone Soup version 0.30-a0-964-gd452b5e7fa (webtiles) character file.

Game seed: 6014962343084312816

151 vishdafish the Conjurer (level 5, 28/35 HPs)
             Began as a Demonspawn Conjurer on Mar 31, 2023.
             Quit the game on level 3 of the Dungeon.
             The game lasted 00:02:28 (2511 turns).

vishdafish the Conjurer (Demonspawn Conjurer)       Turns: 2511, Time: 00:02:28

Health: 28/35      AC:  3    Str:  7    XL:     5   Next: 11%
Magic:  1/10       EV: 12    Int: 23    God:
Gold:   161        SH:  4    Dex: 12    Spells: 10/11 levels left

rFire   . . .      SeeInvis .    p - +2 dagger (elec)
rCold   . . .      Faith    .    (no shield)
rNeg    . . .      Spirit   .    a - +0 robe
rPois   .          Reflect  .    (no helmet)
rElec   .          Rampage  .    e - +0 cloak
rCorr   .                        (no gloves)
Will    .....                    (no boots)
Stlth   ++                       (no amulet)
HPRegen 0.25/turn                (no ring)
MPRegen 0.12/turn                (no ring)

@: no status effects
A: big brain 1, condensation shield, demonic touch 2
a: no special abilities


You were on level 3 of the Dungeon.
You visited 1 branch of the dungeon, and saw 3 of its levels.

You collected 161 gold pieces.

Inventory:

Hand Weapons
 c - a +0 trident
 m - a +2 dagger of speed
 p - a +2 dagger of electrocution (weapon)
Armour
 a - a +0 robe (worn)
 e - a +0 cloak (worn)
Jewellery
 j - a ring of ice
Scrolls
 d - a scroll of blinking {unknown}
 f - 6 scrolls of poison {unknown}
 h - 3 scrolls of identify {unknown}
 n - a scroll of enchant weapon {unknown}
 o - a scroll of magic mapping {unknown}
 q - a scroll of enchant armour {unknown}
 r - a scroll of teleportation {unknown}
Potions
 b - a potion of magic
 g - 2 potions of might {unknown}
 i - a potion of curing {unknown}
 k - a potion of lignification {unknown}
 l - a potion of haste {unknown}


   Skills:
 - Level 1.7 Dodging
 - Level 1.7 Stealth
 + Level 3.7 Spellcasting
 + Level 5.3 Conjurations


You had 10 spell levels left.
You knew the following spells:

 Your Spells              Type           Power      Damage    Failure   Level
a - Magic Dart            Conj           100%       1d8       1%          1

Your spell library contained the following spells:

 Spells                   Type           Power      Damage    Failure   Level
 Searing Ray              Conj           58%        2d6       1%          2
 Dazzling Flash           Conj/Hex       32%        N/A       11%         3
 Call Imp                 Summ           4%         N/A       16%         2
 Mephitic Cloud           Conj/Pois/Air  12%        N/A       16%         3
 Fulminant Prism          Conj/Hex       8%         3d7       34%         4
 Iskenderun's Mystic Bla  Conj/Tloc      16%        2d5       34%         4
 Leda's Liquefaction      Hex/Erth       2%         N/A       71%         4
 Lee's Rapid Deconstruct  Erth           2%         3d4*      96%         5
 Statue Form              Tmut/Erth      2%         N/A       100%        6


Dungeon Overview and Level Annotations

Branches:
Dungeon (3/15)

Altars:
Uskayaw

Annotations:
D:2 Sigmund


Innate Abilities, Weirdness & Mutations

You have an unusually large brain. (Int +2)
A meltable shield of frost defends you. (SH +4)
Your touch may inflict irresistible damage on your foes.


Message History

You are out of magic!
You are out of magic!
You are out of magic!
You are out of magic!
You closely miss something. Something hits you.
You miss something. Something hits you.
You hit something but do no damage. Lightning courses through something!
Reactivating autopickup.
You feel a bit more experienced.
Your magical contamination has completely faded away.
You have reached level 5!
Your demonic ancestry asserts itself...
Frost condenses into a shield before you.
You closely miss the orc. The orc hits you with a +0 whip.
You hit the orc.
The orc is lightly wounded.
The orc hits you but does no damage.
You hit the orc.
The orc is heavily wounded.
The orc misses you.
You closely miss the orc.
The orc is heavily wounded.
The orc barely misses you.
You hit the orc.
The orc is heavily wounded.
The orc closely misses you.
You hit the orc.
You kill the orc!
You hit the dart slug.
You touch the dart slug.
The dart slug is severely wounded.
The dart slug launches a dart at you. The slug dart hits you.
You hit the dart slug.
You kill the dart slug!
No target in view!
No target in view!
No target in view!
Are you sure you want to abandon this character and quit the game? (Confirm with "yes".)
Okay, then.
Are you sure you want to abandon this character and quit the game? (Confirm with "yes".)

.......##..........#
.......##.................
....#.###.................
.#..#.....#########.....?.
.#..#.....# .......
.####.....# ..w....
..........# .......
######....#########.).##
.....+....'.....@).....#
######....############.# #
###### #


There were no monsters in sight!

Vanquished Creatures
  An orc wizard (D:3)
  7 adders
  3 dart slugs
  5 orcs (D:3)
  3 endoplasms
  8 goblins
  10 hobgoblins
  2 quokkas
  A ball python (D:1)
  6 bats
  5 frilled lizards
  4 kobolds
  4 rats
59 creatures vanquished.

Notes
Turn   | Place    | Note
-------+----------+-------------------------------------------
     0 | D:1      | vishdafish the Demonspawn Conjurer began the quest for the
                  | Orb.
     0 | D:1      | Reached XP level 1. HP: 13/13 MP: 3/3
   293 | D:1      | Gained mutation: You have an unusually large brain. (Int
                  | +2) [demonic ancestry]
   293 | D:1      | Reached XP level 2. HP: 19/19 MP: 3/5
   938 | D:2      | Gained mutation: Your touch may inflict minor irresistible
                  | damage on your foes. [demonic ancestry]
   938 | D:2      | Reached XP level 3. HP: 6/24 MP: 1/7
  1283 | D:2      | Found a hide-covered altar of Uskayaw.
  1628 | D:2      | Noticed Sigmund
  1663 | D:3      | Gained mutation: Your touch may inflict irresistible damage
                  | on your foes. [demonic ancestry]
  1663 | D:3      | Reached XP level 4. HP: 15/30 MP: 2/8
  1892 | D:3      | Reached skill level 5 in Conjurations
  2503 | D:3      | Gained mutation: A meltable shield of frost defends you.
                  | (SH +4) [demonic ancestry]
  2503 | D:3      | Reached XP level 5. HP: 31/35 MP: 0/10
  2511 | D:3      | Quit the game

Illustrated notes

Levels and vault maps discovered:
D:1:      nagdon_arrival_zigzag_paths, layout_basic, hangedman_glass_teeth
D:2:      layout_basic, basic_altar, uniq_sigmund
D:3:      layout_basic, minmay_cut_off

Skill      XL: |  1  2  3  4 |
---------------+-------------+-----
Spellcasting   | 3 |  3.7
Conjurations   | 5 |  5.3
Dodging        | |  1.7
Stealth        | |  1.7

Action                     |  1- 3 |  4- 6 || total
---------------------------+-------+-------++-------
  Melee: Trident           |    27 |       ||    27
         Dagger            |       |    36 ||    36
         Touch             |       |     5 ||     5
   Cast: Magic Dart        |    57 |    21 ||    78
   Stab: Sleeping          |       |     3 ||     3
 Armour: Robe              |    12 |     4 ||    16
  Dodge: Dodged            |    20 |    14 ||    34

Table legend: (Time is in decaauts)
 A = Elapsed time spent in this place.
 B = Non-inter-level travel time spent in this place.
 C = Inter-level travel time spent in this place.
 D = Time resting spent in this place.
 E = Time spent auto-exploring this place.
 F = Levels seen in this place.
 G = Mean time per level.
                   A        B        C        D        E       F      G
               +--------+--------+--------+--------+--------+-----+--------+
         Total |   2517 |   2490 |     27 |     53 |   2120 |   3 |  839.0 |
       Dungeon |   2517 |   2490 |     27 |     53 |   2120 |   3 |  839.0 |
               +--------+--------+--------+--------+--------+-----+--------+

Top non-repeatable levels by time:
     D:1: 863 daAuts
     D:3: 853 daAuts
     D:2: 800 daAuts
